 Dungeon Crawl Stone Soup version 0.29.1-2-gbd0b4ee654 (webtiles) character file.

Game seed: 4486868073435605697

39 qeuew the Ruffian (level 3, 33/33 HPs)
             Began as a Ghoul Monk on Nov 4, 2022.
             Quit the game on level 2 of the Dungeon.
             The game lasted 00:01:48 (1737 turns).

qeuew the Ruffian (Ghoul Monk)                      Turns: 1737, Time: 00:01:48

Health: 33/33      AC:  5    Str: 16    XL:     3   Next: 47%
Magic:  2/2        EV: 11    Int:  5    God:
Gold:   136        SH:  0    Dex: 11    Spells: 2/2 levels left

rFire   . . .      SeeInvis .     - Unarmed
rCold   + . .      Faith    .   (no shield)
rNeg    + + +      Spirit   .   f - +0 ring mail
rPois   ∞          Reflect  .   (no helmet)
rElec   .          Harm     .   (no cloak)
rCorr   .          Rampage  .   (no gloves)
Will    .....                   (no boots)
Stlth   +.........              (no amulet)
HPRegen 0.11/turn               (no ring)
MPRegen 0.08/turn               (no ring)

@: weak-willed
A: claws 1, cold resistance 1, negative energy resistance 3, inhibited
regeneration, torment resistance 2, devour on kill
a: no special abilities


You were on level 2 of the Dungeon.
You visited 1 branch of the dungeon, and saw 2 of its levels.

You collected 136 gold pieces.

Inventory:

Armour
 f - a +0 ring mail (worn)
Jewellery
 d - an amulet of regeneration
Scrolls
 e - 2 scrolls of vulnerability
 j - a scroll of butterflies
 o - a scroll of magic mapping {unknown}
Potions
 a - a potion of mutation
 b - a potion of ambrosia
 c - 2 potions of curing
 g - 2 potions of brilliance


   Skills:
 + Level 3.6 Fighting
 * Level 1.1 Armour
 + Level 3.0 Dodging
 - Level 2.1 Stealth
 + Level 3.8 Unarmed Combat


You had 2 spell levels left.
You didn't know any spells.
Your spell library was empty.

Dungeon Overview and Level Annotations

Branches:
Dungeon (2/15)

Altars:


Innate Abilities, Weirdness & Mutations

You are immune to poison.
You have sharp fingernails.
Your flesh is cold resistant. (rC+)
You are immune to negative energy. (rN+++)
You do not regenerate when monsters are visible.
You are immune to unholy pain and torment.
You thrive by killing the living.


Message History

You kill the hobgoblin!
HP restored.
o - a scroll labelled YKUPIY ZAYKK No target in view!
You now have 136 gold pieces (gained 10).
n - 2 scrolls of identify (gained 1) Key pressed, stopping explore.
No target in view!
Done exploring.
No target in view!
Done exploring.
Done exploring.
No target in view!
Done exploring.
No target in view!
Done exploring.
As you read the scroll of identify, it crumbles to dust.
i - a potion of degeneration
As you read the scroll of identify, it crumbles to dust.
l - 2 potions of lignification You drop a potion of degeneration.
You drop 2 potions of lignification.
As you read the scroll labelled LIWOCZ BEITOTS, it crumbles to dust.
Magic quickly surges around you.
It was a scroll of vulnerability.
As you read the scroll labelled DOXOWY SUPRAGIO, it crumbles to dust.
You assume a fearsome visage.
Nothing appears to happen.
It was a scroll of fear.
As you read the scroll labelled AQYRCH BOHYERHO, it crumbles to dust.
You hear the tinkle of a tiny bell.
It was a scroll of butterflies.
As you read the scroll labelled POLLI ZUTWISE, it crumbles to dust.
It is a scroll of enchant weapon.
You aren't carrying any weapons that can be enchanted.
As you read the scroll labelled WAUQUO PYGASM, it crumbles to dust.
You hear a loud clanging noise!
It was a scroll of noise.
You are a level 3 Ghoul Monk.
You are 47% of the way to level 4.
Play time: 00:01:40 (1737 turns).
Zot will find you in 10269 turns if you stay in this branch and explore no new floors.
Okay, then.
Are you sure you want to abandon this character and quit the game? (Confirm with "yes".)

###########
##.b@b.b...#
#.bbbb.b..b#
#.#######).# ###
#.#
#..########..
#.#
#............
#.#
#...........#
#.#
#...........#
#.#
#..###.####..
#.#######..###.#
###


There were no monsters in sight!

Vanquished Creatures
  A dart slug (D:2)
  3 bats (D:1)
  5 endoplasms
  A giant cockroach (D:1)
  6 hobgoblins
  4 quokkas
  2 frilled lizards
  3 goblins (D:1)
  4 kobolds
  3 rats
32 creatures vanquished.

Notes
Turn   | Place    | Note
-------+----------+-------------------------------------------
     0 | D:1      | qeuew the Ghoul Monk began the quest for the Orb.
     0 | D:1      | Reached XP level 1. HP: 19/19 MP: 0/0
   209 | D:1      | Reached XP level 2. HP: 8/26 MP: 1/1
   866 | D:1      | Reached XP level 3. HP: 31/31 MP: 2/2
  1260 | D:2      | Reached skill level 1 in Armour
  1737 | D:2      | Quit the game

Illustrated notes

Levels and vault maps discovered:
D:1:      lemuel_arrival_broad_hall, layout_loops_corners, minmay_pentomino_s4
D:2:      layout_loops_ring

Skill      XL: |  1  2  3 |
---------------+----------+-----
Dodging        | 3 |  3.0
Armour         | 1 |  1.1
Fighting       | |  3.6
Stealth        | |  2.1
Unarmed Combat | |  3.8

Action                   || total
-------------------------++-------
Melee: Unarmed           ||    86
       Punch             ||     3
  Use: Scroll            ||    10
 Stab: Sleeping          ||     2
Armor: Robe              ||     2
       Ring mail         ||    27
Dodge: Dodged            ||    52
